[Event "FIDE World School-ch O-9 2025"]
[Site "Vrnjacka Banja"]
[Date "2025.03.28"]
[Round "9.1"]
[White "Batbileg, Boldbaatar"]
[Black "Nematillakhonov, Nurmuhammad"]
[Result "0-1"]
[Annotator "NA RC"]
[ECO "B32"]
[WhiteElo "1637"]
[BlackElo "1767"]
[PlyCount "85"]
[EventDate "2025.03.19"]
[EventType "swiss"]
[EventCountry "SRB"]
[SourceTitle "playchess.com"]
[Source "ChessBase"]
[SourceQuality "1"]
[TimeControl "5400+30"]

1. Nf3 c5 2. e4 Nc6 3. d4 cxd4 4. Nxd4 e5 5. Nb5 d6 6. N1c3 a6 7. Na3 Be7 8. Nd5 Nf6 9. Nxf6+ Bxf6 10. Nc4 O-O 11. Be3 b5 12. Nb6 Rb8 13. Nd5 Bg5 14. Be2 Be6 15. O-O Bxd5 16. Bxg5 Qxg5 17. exd5 Ne7 18. b3 e4 19. c4 f5 20. f3 Ng6 21. Kh1 e3 22. Rc1 Rf6 23. g3 f4 24. g4 Ne5 25. Qe1 Rh6 26. cxb5 axb5 27. Rg1 b4 28. Rc7 Rh3 29. Qf1 Qh4 30. Rg2 Rf8 31. Rc2 Nxg4 32. fxg4 f3 33. Bxf3 Rhxf3 34. Qd3 Rf1+ 35. Rg1 R8f2 36. Rc8+ Rf8 37. Rxf8+ Rxf8 38. Qxe3 h6 39. Qe6+ Kh7 40. Qxd6 Qf2 41. Qg3 Qd2 42. Qg2 Qd4 43. Rf1 0-1

[Event "FIDE World School-ch O-9 2025"]
[Site "Vrnjacka Banja"]
[Date "2025.03.28"]
[Round "9.2"]
[White "Bondarev, Fedor"]
[Black "Wee, Yu Heng Lucas John"]
[Result "1-0"]
[Annotator "NA RC"]
[ECO "B22"]
[WhiteElo "1598"]
[BlackElo "1680"]
[PlyCount "95"]
[EventDate "2025.03.19"]
[EventType "swiss"]
[EventCountry "SRB"]
[SourceTitle "playchess.com"]
[Source "ChessBase"]
[SourceQuality "1"]
[TimeControl "5400+30"]

1. e4 c5 2. Nf3 Nc6 3. Bb5 e5 4. c3 Qc7 5. O-O Bd6 6. h3 Nf6 7. d4 cxd4 8. cxd4 a6 9. Bxc6 dxc6 10. dxe5 Bxe5 11. Nxe5 Qxe5 12. Nc3 O-O 13. f4 Qc5+ 14. Kh2 Be6 15. e5 Rad8 16. Qf3 Bd5 17. Qe3 Qxe3 18. Bxe3 Ne4 19. Bb6 Rd7 20. Rad1 Nxc3 21. bxc3 Ra8 22. Rf2 Kf8 23. Rfd2 Ke8 24. f5 Re7 25. c4 Rxe5 26. cxd5 Rxf5 27. Re2+ Kd7 28. d6 Rd5 29. Rxd5 cxd5 30. Bc7 Rf8 31. Re7+ Kc6 32. d7 Kxc7 33. Re8 Kxd7 34. Rxf8 d4 35. Kg1 a5 36. Rxf7+ Kc6 37. Kf1 b5 38. Ke2 Kc5 39. Rxg7 Kb4 40. Rxh7 Ka3 41. Rh5 Kxa2 42. Rxb5 a4 43. Rb4 d3+ 44. Kxd3 a3 45. Kc2 Ka1 46. Rb1+ Ka2 47. Rb3 Ka1 48. Rxa3# 1-0

[Event "FIDE World School-ch O-9 2025"]
[Site "Vrnjacka Banja"]
[Date "2025.03.28"]
[Round "9.3"]
[White "Sultankhan, Nurislam"]
[Black "Redkin, Dmitriy S"]
[Result "1-0"]
[Annotator "NA RC"]
[ECO "A13"]
[WhiteElo "1649"]
[BlackElo "2042"]
[PlyCount "111"]
[EventDate "2025.03.19"]
[EventType "swiss"]
[EventCountry "SRB"]
[SourceTitle "playchess.com"]
[Source "ChessBase"]
[SourceQuality "1"]
[TimeControl "5400+30"]

1. Nf3 d5 2. b3 Nf6 3. Bb2 e6 4. e3 Be7 5. Be2 c5 6. O-O O-O 7. c4 b6 8. d4 Bb7 9. cxd5 exd5 10. dxc5 bxc5 11. Nc3 Nc6 12. Rc1 Rc8 13. Na4 Nb4 14. a3 Na6 $14 15. Re1 Qd6 16. Bd3 g6 17. Qe2 Rfd8 18. Red1 h6 19. h3 Qe6 20. Ne5 Nd7 21. Nxd7 Rxd7 22. Bb5 Rdc7 23. Qd2 Bf6 24. Bxf6 Qxf6 25. Qa5 c4 26. bxc4 dxc4 27. Bd7 Rxd7 28. Rxd7 Qc6 29. Rxb7 Qxb7 30. Nc3 Nc5 31. Rd1 Nd3 32. Rb1 Qc7 33. Qa6 Qc6 34. Qxa7 Qf6 35. Ne4 Qe5 36. Qd7 Rf8 37. Qc6 Qe6 38. Qb7 Rc8 39. Rb6 Nc5 40. Nxc5 Qf5 41. Nd7 Rd8 42. Rd6 c3 43. Nf6+ Kg7 44. Rxd8 c2 45. Ne8+ Kh7 46. Qc8 Qa5 47. Nf6+ Kg7 48. Rg8+ Kxf6 49. Qxc2 Qxa3 50. Qc6+ Kg5 51. Rd8 Qa1+ 52. Kh2 Qb2 53. Rd5+ f5 54. f4+ Kh4 55. Qxg6 Qf2 56. Qxh6# 1-0

[Event "FIDE World School-ch O-9 2025"]
[Site "Vrnjacka Banja"]
[Date "2025.03.28"]
[Round "9.4"]
[White "Khabul, Chinzorig"]
[Black "Ulan, Rizat"]
[Result "0-1"]
[Annotator "NA RC"]
[ECO "A48"]
[WhiteElo "1513"]
[BlackElo "1769"]
[PlyCount "102"]
[EventDate "2025.03.19"]
[EventType "swiss"]
[EventCountry "SRB"]
[SourceTitle "playchess.com"]
[Source "ChessBase"]
[SourceQuality "1"]
[TimeControl "5400+30"]

1. d4 Nf6 2. Bf4 g6 3. Nf3 Bg7 4. h3 d6 5. e3 O-O 6. Be2 Nbd7 7. O-O b6 8. c3 Bb7 9. a4 a5 10. Na3 Ne4 11. Nc2 e6 12. Nce1 Qe7 13. Nd3 f5 14. Nd2 Nxd2 15. Qxd2 Rad8 16. f3 e5 17. Bh2 e4 18. fxe4 Bxe4 19. Bf3 Nf6 20. Rae1 Rde8 21. Kh1 Qe6 22. Nf4 Qc4 23. Bd1 Bc6 24. b3 Ne4 25. Qa2 Qxc3 26. b4+ Kh8 27. b5 Bb7 28. Ne6 Nf2+ 29. Kg1 Nxd1 30. Nxg7 Kxg7 31. Rxd1 Qxe3+ 32. Rf2 Re4 33. Qc2 Rf7 34. Qa2 Rfe7 35. Qb2 Bd5 36. Rdf1 Qxd4 37. Qc1 Bc4 38. Rd1 Qxd1+ 39. Qxd1 Re1+ 40. Rf1 Rxf1+ 41. Qxf1 Bxf1 42. Kxf1 Re4 43. Kf2 Rxa4 44. Bg3 Re4 45. Kf3 a4 46. Bf2 a3 47. g4 a2 48. gxf5 gxf5 49. h4 a1=Q 50. h5 Qh1+ 51. Kg3 Rg4# 0-1

[Event "FIDE World School-ch O-9 2025"]
[Site "Vrnjacka Banja"]
[Date "2025.03.28"]
[Round "9.5"]
[White "Agar, Garig"]
[Black "Jamiyanoidovjamts, Tegshtur"]
[Result "1/2-1/2"]
[Annotator "NA RC"]
[ECO "E06"]
[WhiteElo "1620"]
[BlackElo "1489"]
[PlyCount "187"]
[EventDate "2025.03.19"]
[EventType "swiss"]
[EventCountry "SRB"]
[SourceTitle "playchess.com"]
[Source "ChessBase"]
[SourceQuality "1"]
[TimeControl "5400+30"]

1. Nf3 Nf6 2. g3 e6 3. Bg2 d5 4. c4 b6 5. O-O Bb7 6. d4 Be7 7. Ne5 O-O 8. Nd2 Nc6 9. cxd5 Nxd5 10. Ndf3 Bf6 11. Nxc6 Bxc6 12. e4 Nb4 13. a3 Na6 14. Qe2 Qd7 15. Rd1 Bb5 16. Qc2 Rad8 17. e5 Be7 18. Bd2 c5 19. a4 Be2 20. Re1 Bxf3 21. Bxf3 cxd4 22. Qc4 Nc5 23. b4 Nb7 24. Qa6 Rb8 25. Qxa7 Nc5 26. Qxd7 Nxd7 27. Rac1 Rfc8 28. Bc6 Rc7 29. f4 g6 30. Red1 Kg7 31. Bb5 Rbb7 32. Be1 Rxc1 33. Rxc1 f6 34. Rc6 fxe5 35. Rxe6 Kf7 36. Bc4 Kf8 37. fxe5 Bg5 38. Kf1 Rc7 39. Bd3 Kf7 40. Rd6 Nxe5 41. Rxd4 Nf3 42. Rc4 Rxc4 43. Bxc4+ Ke7 44. Bc3 Nd2+ 45. Bxd2 Bxd2 46. b5 Kf6 47. Ke2 Bb4 48. Kd3 Kg5 49. Be6 h6 50. Ke4 Kf6 51. Bc8 Be1 52. g4 g5 53. Bd7 Bd2 54. Bc8 Bc3 55. Kd5 Bb4 56. Bd7 Bc3 57. Kc6 Ba5 58. Kd5 Be1 59. Bf5 Bb4 60. Kc6 Ba5 61. Kd6 Bb4+ 62. Kc6 Ba5 63. Kd5 Bb4 64. Be4 Bc3 65. Bg2 Bb4 66. h3 Bc3 67. Bf1 Bb4 68. Kc6 Ba5 69. Kd7 Bc3 70. Ke8 Kg7 71. Ke7 Bb4+ 72. Ke6 Bc3 73. Bg2 Bb4 74. Be4 Bc3 75. Ke7 Bb4+ 76. Ke6 Bc3 77. Bd3 Be1 78. Bf1 Bb4 79. Bg2 Ba5 80. Bf1 Bb4 81. Bc4 Ba5 82. Kf5 Bd2 83. Bf1 Bb4 84. h4 gxh4 85. g5 hxg5 86. Kxg5 Be1 87. Bh3 Kf7 88. Kf5 Ke7 89. Ke5 Bc3+ 90. Kf4 Kd6 91. Bg4 Kc5 92. Bd1 Kb4 93. Kg4 Be1 94. Kh3 1/2-1/2

[Event "FIDE World School-ch O-9 2025"]
[Site "Vrnjacka Banja"]
[Date "2025.03.28"]
[Round "9.6"]
[White "Lee, Jinwoo A"]
[Black "Dede, Omer Taha"]
[Result "0-1"]
[Annotator "NA RC"]
[ECO "D31"]
[WhiteElo "1525"]
[BlackElo "1647"]
[PlyCount "180"]
[EventDate "2025.03.19"]
[EventType "swiss"]
[EventCountry "SRB"]
[SourceTitle "playchess.com"]
[Source "ChessBase"]
[SourceQuality "1"]
[TimeControl "5400+30"]

1. d4 d5 2. c4 e6 3. Nf3 a6 4. cxd5 exd5 5. Nc3 c6 6. a3 Nf6 7. Bf4 Bd6 8. Bxd6 Qxd6 9. e3 Bg4 10. h3 Bh5 11. g4 Bg6 12. Ne5 Ne4 13. Nxg6 Qxg6 14. Bd3 Qe6 15. Qe2 Nd7 16. Nxe4 dxe4 17. Bc4 Qe7 18. Rc1 Nb6 19. Bb3 Nd5 20. Bxd5 cxd5 21. f4 O-O 22. Kf2 Rac8 23. Rc2 Rc7 24. Rhc1 Rfc8 25. Qd2 h6 26. Rxc7 Rxc7 27. Rxc7 Qxc7 28. Qc3 Qxc3 29. bxc3 Kf8 30. Ke2 Ke7 31. Kd2 Kd6 32. Kc2 Kc6 33. Kb3 Kb5 34. a4+ Kc6 35. c4 b6 36. cxd5+ Kxd5 37. Kb4 g5 38. f5 f6 39. Kb3 Kd6 40. Kc4 Kc6 41. Kb4 Kd5 42. Kc3 Kd6 43. Kc4 Kc6 44. d5+ Kd6 45. Kd4 b5 46. a5 b4 47. Kxe4 Kc5 48. Kd3 Kxd5 49. e4+ Kc5 50. Kc2 Kd4 51. Kb3 Kxe4 52. Kxb4 Kd4 53. Kb3 Kd3 54. Kb4 Kd4 55. Kb3 Kc5 56. Ka4 Kc4 57. Ka3 Kb5 58. Kb3 Kxa5 59. Ka3 Kb5 60. Kb3 Kc5 61. Ka4 Kd4 62. Ka5 Ke4 63. Kxa6 Kf4 64. Kb6 Kg3 65. Kc6 Kxh3 66. Kd6 Kxg4 67. Ke6 h5 68. Kxf6 h4 69. Kg6 h3 70. f6 h2 71. f7 h1=Q 72. f8=Q Qc6+ 73. Kh7 Qd7+ 74. Kg8 Qe6+ 75. Kh8 Qf5 76. Qb4+ Kh5 77. Qe7 g4 78. Qe8+ Qg6 79. Qe5+ Kh4 80. Qh2+ Kg5 81. Qe5+ Qf5 82. Qe3+ Kf6 83. Qb6+ Kf7 84. Qc7+ Kg6 85. Qh7+ Kf6 86. Qg7+ Ke6 87. Qg8+ Ke5 88. Qe8+ Kf4 89. Qa4+ Kg5 90. Qd1 Kg6 0-1